 Dungeon Crawl Stone Soup version 0.32-a0-834-geaf45d8e21 (webtiles) character file.

Game seed: 14278610903224209629

4146 Steellotus the Protected (level 10, -3/88 HPs)
             Began as a Minotaur Berserker on Mar 25, 2024.
             Was an Elder of Trog.
             Succumbed to a water moccasin's poison
             ... on level 8 of the Dungeon on Mar 26, 2024.
             The game lasted 00:41:58 (11086 turns).

Steellotus the Protected (Minotaur Berserker)      Turns: 11086, Time: 00:41:59

Health: -3/88      AC: 21    Str: 26    XL:     10   Next: 7%
Magic:  2/9        EV:  7    Int:  4    God:    Trog [****..]
Gold:   339        SH:  8    Dex: 10    Spells: 9/9 levels left

rFire   . . .        X - +5 scimitar
rCold   . . .        (no shield)
rNeg    . . .        i - +0 plate armour
rPois   .            G - +2 hat
rElec   .            (no cloak)
rCorr   .            (no gloves)
SInv    .            H - +0 pair of boots
Will    .....        M - brooch of Shielding {Spirit SH+8} Stlth
                     Q - +4 ring of protection
HPRegen 0.34/turn    K - ring of flight
MPRegen 0.11/turn

%: guardian spirit
@: lethally poisoned (-3 -> -19), on berserk cooldown, flying, slowed, very slow
A: horns 2, retaliatory headbutt
a: Renounce Religion, Berserk, Trog's Hand, Brothers in Arms


You were on level 8 of the Dungeon.
You worshipped Trog.
Trog was greatly pleased with you.
You visited 1 branch of the dungeon, and saw 8 of its levels.

You collected 339 gold pieces.

Inventory:

Hand Weapons
 a - a +0 hand axe
 m - a +0 spear
 o - a +0 club
 q - a +0 halberd
 r - a +3 flail
 s - a +0 war axe of electrocution
 w - a +0 whip
 x - a +0 mace
 F - a +1 heavy spear
 L - a +3 quarterstaff of chaos
 V - a +1 heavy flail
 X - a +5 scimitar (weapon)
Missiles
 n - 3 throwing nets (quivered)
Armour
 b - a +0 animal skin
 f - a +0 robe
 i - a +0 plate armour (worn)
 l - a +2 hat
 G - a +2 hat (worn)
 H - a +0 pair of boots (worn)
Jewellery
 A - a ring of protection from fire
 K - a ring of flight (right hand)
 M - the brooch of Shielding (around neck) {Spirit SH+8}
   (You found it on level 5 of the Dungeon)

   [amulet of guardian spirit]

   Spirit:    It causes incoming damage to be divided between your reserves of
   health and magic.
   SH+8:      It affects your SH (+8).
 Q - a +4 ring of protection (left hand)
 S - a +5 ring of evasion
 T - a ring of protection from fire
Talismans
 k - a flux talisman
Wands
 v - a wand of roots (8)
 O - a wand of light (9)
Scrolls
 c - 5 scrolls of teleportation {unknown}
 d - 3 scrolls of immolation {unknown}
 g - 3 scrolls of enchant armour {unknown}
 p - 4 scrolls of identify {unknown}
 y - 2 scrolls of enchant weapon {unknown}
 C - a scroll of vulnerability {unknown}
 D - 2 scrolls of poison {unknown}
 I - a scroll of amnesia {unknown}
 J - 4 scrolls of fear {unknown}
 N - 2 scrolls of fog {unknown}
 R - a scroll of silence {unknown}
 Y - a scroll of brand weapon {unknown}
 Z - a scroll of blinking {unknown}
Potions
 e - a potion of mutation {unknown}
 h - a potion of enlightenment {unknown}
 j - 3 potions of curing {unknown}
 t - a potion of lignification {unknown}
 u - 2 potions of haste {unknown}
 z - 2 potions of attraction {unknown}
 B - 3 potions of might {unknown}
 E - a potion of heal wounds {unknown}
 P - 2 potions of degeneration {unknown}
 U - a potion of invisibility {unknown}
 W - a potion of magic {unknown}


   Skills:
 + Level 8.2 Fighting
 + Level 5.3 Long Blades
 + Level 7.4(7.6) Axes
 + Level 2.1(7.1) Polearms
 + Level 7.5(7.7) Staves
 + Level 8.7 Armour
 + Level 3.3 Dodging
 + Level 1.0 Stealth
 + Level 5.5 Shields


You had 9 spell levels left.
You didn't know any spells.
Your spell library contained the following spells:

 Spells                   Type           Power      Damage    Failure   Level
 Foxfire                  Conj/Fire      0%         2x1d4     99%         1
 Call Imp                 Summ           0%         N/A       100%        2
 Ensorcelled Hibernation  Hex/Ice        0%         N/A       100%        2
 Sublimation of Blood     Necr           0%         N/A       100%        2
 Dazzling Flash           Conj/Hex       0%         N/A       100%        3
 Passwall                 Erth           0%         N/A       100%        3
 Swiftness                Air            0%         N/A       100%        3
 Plasma Beam              Fire/Air       0%         2x1d10    100%        6
 Starburst                Conj/Fire      0%         6d3       100%        6
 Summon Hydra             Summ           0%         N/A       100%        7
 Maxwell's Capacitive Co  Air            0%         ∞         100%        8


Dungeon Overview and Level Annotations

Branches:
Dungeon (8/15)
 Temple: D:4-7         Lair: D:8-11

Altars:
Dithmenos
Elyvilon
Wu Jian

Shops:
D:2 [


Innate Abilities, Weirdness & Mutations

You have a pair of horns on your head.
You reflexively headbutt those who attack you in melee.


Message History

You block the kobold brigand's attack.
The water moccasin bites you but does no damage.
The kobold brigand hits you but does no damage.
You slash the kobold brigand!
The kobold brigand is moderately wounded.
You feel sick.
The water moccasin bites you but does no damage.
The kobold brigand hits you but does no damage.
You block the water moccasin's attack.
You slash the kobold brigand!
Your headbutt misses the kobold brigand.
The kobold brigand is almost dead.
You feel sick.
The water moccasin bites you but does no damage.
The kobold brigand hits you with a +0 dagger.
* * * LOW HITPOINT WARNING * * *
The water moccasin bites you.
* * * LOW HITPOINT WARNING * * *
You are lethally poisoned!
The water moccasin poisons you! The kobold brigand barely misses you.
You furiously retaliate!
You headbutt the kobold brigand. You closely miss the kobold brigand.
You headbutt the kobold brigand.
You kill the kobold brigand!
Trog accepts your kill.
* * * LOW HITPOINT WARNING * * *
You feel very sick.
The water moccasin bites you but does no damage.
The water moccasin bites you.
* * * LOW HITPOINT WARNING * * *
The water moccasin bites you.
* * * LOW HITPOINT WARNING * * *
* * * LOW HITPOINT WARNING * * *
You feel very sick. The water moccasin bites you.
You are more poisoned.
The water moccasin poisons you!
Items here: $ ( )) †.
You hit the water moccasin.
The water moccasin is lightly wounded.
You die...

#.~~.......##....##.....
...~............).......
.........##....####.....
.........+..............
##.............
+#+#####†..#....
........†[.# ###.#
........$.S#.....#
..........@...#
.........#....#
#####....##..(# #....#
#.... +..... #....#
#.#### #...# #. .... #..


You could see a water moccasin.

Vanquished Creatures
  Joseph (D:8)
  A troll (D:8)
  Prince Ribbit (D:6)
  Grinder (D:3)
  Eustachio (D:5)
  A wyvern (D:8)
  Edmund (D:6)
  A water moccasin (D:8)
  3 ice beasts
  Duvessa (D:6)
  A sky beast (D:7)
  3 ogres
  3 kobold brigands
  2 bullfrogs
  A scorpion (D:4)
  8 wights
  Dowan (D:6)
  A jelly (D:5)
  8 howler monkeys
  2 bombardier beetles
  A hound (D:3)
  Crazy Yiuf (D:4)
  4 orc priests
  An iguana (D:6)
  4 orc wizards
  Natasha (thrice) (D:4)
  19 gnolls
  5 adders
  2 white imps
  2 ufetubi (D:6)
  2 dart slugs (D:2)
  3 ribbon worms
  19 orcs
  3 endoplasms
  5 giant cockroaches
  4 goblins
  5 hobgoblins
  6 jackals
  16 kobolds
  3 quokkas
  4 ball pythons (D:2)
  8 bats
  8 frilled lizards
  6 rats
176 creatures vanquished.

Notes
Turn   | Place    | Note
-------+----------+-------------------------------------------
     0 | D:1      | Steellotus the Minotaur Berserker began the quest for the
                  | Orb.
     0 | D:1      | Reached XP level 1. HP: 19/19 MP: 0/0
   468 | D:1      | Reached XP level 2. HP: 23/27 MP: 1/1
   649 | D:1      | Reached ** piety under Trog
  1018 | D:2      | Reached XP level 3. HP: 33/34 MP: 2/2
  1323 | D:2      | Found Biskaqus's Armour Boutique.
  1323 | D:2      | Noticed an animated shadow dragon scales
  1332 | D:2      | Noticed an animated shadow dragon scales
  1534 | D:2      | Reached XP level 4. HP: 41/41 MP: 3/3
  1812 | D:2      | Reached skill level 5 in Axes
  3002 | D:2      | Reached skill level 5 in Fighting
  3661 | D:3      | Reached XP level 5. HP: 48/48 MP: 4/4
  4296 | D:3      | Noticed Grinder
  4301 | D:3      | Killed Grinder
  4302 | D:3      | Reached skill level 1 in Polearms
  4302 | D:3      | Reached XP level 6. HP: 50/56 MP: 5/5
  4855 | D:4      | Noticed Natasha
  4862 | D:4      | Killed Natasha
  4863 | D:4      | Reached skill level 5 in Armour
  4866 | D:4      | Reached XP level 7. HP: 60/61 MP: 6/6
  4907 | D:4      | Noticed Natasha
  4915 | D:4      | Killed Natasha
  5421 | D:4      | Noticed Natasha
  5429 | D:4      | Killed Natasha
  5740 | D:4      | Found a runed translucent door.
  5741 | D:4      | Noticed Crazy Yiuf
  5752 | D:4      | Killed Crazy Yiuf
  5752 | D:4      | Reached *** piety under Trog
  6139 | D:5      | Entered Level 5 of the Dungeon
  6373 | D:5      | Found an ornate altar of the Wu Jian Council.
  6388 | D:5      | Found the brooch of Shielding {Spirit SH+8}
  6480 | D:5      | Noticed Eustachio
  6493 | D:5      | Killed Eustachio
  6494 | D:5      | Reached skill level 1 in Staves
  6496 | D:5      | Reached XP level 8. HP: 7/71 MP: 0/7
  6497 | D:5      | HP: 3/106 [ogre/+0 giant club (5)]
  7018 | D:5      | Found a shadowy altar of Dithmenos.
  7824 | D:6      | Found a white marble altar of Elyvilon.
  8244 | D:6      | Noticed Edmund
  8251 | D:6      | Killed Edmund
  8252 | D:6      | Reached skill level 1 in Shields
  8330 | D:6      | Noticed Prince Ribbit
  8344 | D:6      | Killed Prince Ribbit
  8371 | D:6      | Reached skill level 5 in Staves
  8973 | D:6      | Reached XP level 9. HP: 79/79 MP: 8/8
  9011 | D:6      | Noticed Duvessa
  9011 | D:6      | Noticed Dowan
  9023 | D:6      | Killed Duvessa
  9025 | D:6      | Killed Dowan
  9379 | D:7      | Reached **** piety under Trog
 10433 | D:7      | Reached skill level 1 in Long Blades
 10983 | D:8      | Noticed Joseph
 10995 | D:8      | Killed Joseph
 10996 | D:8      | Reached skill level 5 in Shields
 11059 | D:8      | Noticed a troll
 11068 | D:8      | Killed a troll
 11069 | D:8      | Reached skill level 5 in Long Blades
 11069 | D:8      | Reached skill level 1 in Stealth
 11069 | D:8      | Reached XP level 10. HP: 61/88 MP: 3/9
 11084 | D:8      | HP: 4/88 [water moccasin (2)]
 11086 | D:8      | Succumbed to a water moccasin's poison

Illustrated notes

Levels and vault maps discovered:
D:1:      mrwooster_arrival_statue, layout_basic, st_stairs_9
D:2:      layout_basic, serial_shops, nicolae_shop_mannequins
D:3:      cheibrodos_pilgrimage, layout_basic, serial_bayou_lake_a, uniq_grinder
D:4:      layout_rooms, minmay_temple_entry_statues, uniq_natasha,
          uniq_crazy_yiuf_cottage
D:5:      layout_basic, mainiacjoe_overflow_catwalk_spiral, uniq_eustachio
D:6:      nicolae_cairo_tiling_very_big, layout_loops_cross,
          mainiacjoe_overflow_surrounded_room, uniq_duvessa,
          uniq_prince_ribbit1, uniq_edmund
D:7:      layout_loops_cross, minmay_misc_feat_cross, minmay_misc_feat_hallway
D:8:      hangedman_cross_stitches, layout_basic, minivault_25,
          chequers_serial_rivers_small_a, uniq_joseph

Skill      XL: |  1  2  3  4  5  6  7  8  9 |
---------------+----------------------------+-----
Fighting       | 4 5 6 7 8 |  8.2
Axes           | 4 5 6 7 |  7.4
Dodging        | 3 |  3.3
Armour         | 3 4 5 6 7 8 |  8.7
Polearms       | 1 2 |  2.1
Staves         | 1 5 7 |  7.5
Shields        | 2 5 |  5.5
Long Blades    | 5 |  5.3
Stealth        | 1 |  1.0

Action                     |  1- 3 |  4- 6 |  7- 9 | 10-12 || total
---------------------------+-------+-------+-------+-------++-------
  Melee: Hand axe          |    63 |       |       |       ||    63
         Headbutt          |    15 |    14 |    49 |     1 ||    79
         Spear             |    19 |     8 |     8 |       ||    35
         War axe           |       |    93 |    25 |       ||   118
         Quarterstaff      |       |       |   157 |       ||   157
         Scimitar          |       |       |    95 |    12 ||   107
 Invoke: Berserk           |       |       |     3 |       ||     3
         Brothers in Arms  |       |       |     1 |       ||     1
 Armour: Robe              |    13 |       |       |       ||    13
         Plate armour      |    80 |    86 |   397 |    28 ||   591
  Dodge: Dodged            |    45 |    23 |   140 |     5 ||   213
  Block: Other             |       |       |   107 |     8 ||   115

Table legend: (Time is in decaauts)
 A = Elapsed time spent in this place.
 B = Non-inter-level travel time spent in this place.
 C = Inter-level travel time spent in this place.
 D = Time resting spent in this place.
 E = Time spent auto-exploring this place.
 F = Levels seen in this place.
 G = Mean time per level.
                   A        B        C        D        E       F      G
               +--------+--------+--------+--------+--------+-----+--------+
         Total |  11231 |  10628 |    603 |   3810 |      0 |   8 | 1403.9 |
       Dungeon |  11231 |  10628 |    603 |   3810 |      0 |   8 | 1403.9 |
               +--------+--------+--------+--------+--------+-----+--------+

Top non-repeatable levels by time:
     D:2: 2590 daAuts
     D:5: 1634 daAuts
     D:6: 1602 daAuts
     D:7: 1413 daAuts
     D:3: 1357 daAuts
     D:4: 1293 daAuts
     D:1: 990 daAuts
     D:8: 349 daAuts
